 Dungeon Crawl Stone Soup version 0.30.0-29-ga12c61a403 (webtiles) character file.

Game seed: 6843114231459872085

75 BONEBRO the Poker (level 4, 0/31 HPs)
             Began as a Merfolk Summoner on June 24, 2023.
             Slain by Terence
             ... wielding a +0 flail
              (8 damage)
             ... on level 3 of the Dungeon.
             The game lasted 00:10:01 (1838 turns).

BONEBRO the Poker (Merfolk Summoner)                Turns: 1838, Time: 00:10:02

Health: 0/31       AC:  2    Str: 10    XL:     4   Next: 31%
Magic:  4/7        EV: 12    Int: 14    God:
Gold:   114        SH:  0    Dex: 14    Spells: 6/7 levels left

rFire   . . .        t - +0 spear
rCold   . . .        (no shield)
rNeg    . . .        a - +0 robe
rPois   .            (no helmet)
rElec   .            (no cloak)
rCorr   .            (no gloves)
SInv    .            (no boots)
Will    .....        (no amulet)
Stlth   ++           (no ring)
HPRegen 0.25/turn    (no ring)
MPRegen 0.10/turn

%: no passive effects
@: no status effects
A: (nimble swimmer 2), mertail
a: no special abilities


You were on level 3 of the Dungeon.
You visited 1 branch of the dungeon, and saw 3 of its levels.

You collected 114 gold pieces.

Inventory:

Hand Weapons
 d - a +0 dagger
 e - a +0 short sword
 j - a +0 club
 s - a +1 morningstar of freezing
 t - a +0 spear (weapon)
Missiles
 p - 5 poisoned darts
 q - 5 boomerangs
Armour
 a - a +0 robe (worn)
 m - a +0 leather armour
 u - a +0 chain mail
Scrolls
 c - a scroll of poison {unknown}
 g - a scroll of enchant weapon
 h - a scroll of vulnerability
 i - a scroll of immolation {unknown}
 k - a scroll of fog {unknown}
 l - 2 scrolls of teleportation {unknown}
 n - 2 scrolls of fear {unknown}
 r - a scroll of magic mapping {unknown}
Potions
 b - a potion of magic
 f - 4 potions of ambrosia
 o - 2 potions of degeneration {unknown}


   Skills:
 + Level 0.5 Fighting
 - Level 5.0 Polearms
 - Level 2.6 Dodging
 - Level 2.1 Stealth
 - Level 2.0 Spellcasting
 - Level 4.0 Summonings


You had 6 spell levels left.
You knew the following spells:

 Your Spells              Type           Power      Damage    Failure   Level
a - Summon Small Mammal   Summ           48%        N/A       4%          1

Your spell library contained the following spells:

 Spells                   Type           Power      Damage    Failure   Level
 Call Imp                 Summ           24%        N/A       7%          2
 Call Canine Familiar     Summ           12%        N/A       14%         3
 Summon Guardian Golem    Hex/Summ       7%         N/A       30%         3
 Summon Lightning Spire   Summ/Air       7%         N/A       71%         4


Dungeon Overview and Level Annotations

Branches:
Dungeon (3/15)

Altars:

Shops:
D:3 =

Annotations:
D:3 Terence


Innate Abilities, Weirdness & Mutations

((You are very nimble when in or above water. (Stealth+, EV+, Speed+++)))
Your lower body shifts to a powerful aquatic tail in water.


Message History

Terence misses you.
You hit Terence but do no damage.
Terence is severely wounded.
Your rat barely misses the orc.
The orc barely misses your rat. Terence closely misses you.
You barely miss Terence.
Terence is severely wounded.
Your rat bites the orc.
The orc hits your rat with a +0 dagger.
Your rat dies!
Your rat's corpse disappears in a puff of smoke!
Terence barely misses you.
There is an escape hatch in the ceiling here.
Sorry, you're not good enough to have a special ability.
Okay, then.
Okay, then.
You barely miss Terence.
Terence is severely wounded.
The orc closely misses you. Terence barely misses you.
You closely miss Terence.
Terence is severely wounded.
The orc hits you with a +0 dagger. Terence barely misses you.
The orc hits you with a +0 dagger. Terence closely misses you.
You are too injured to fight recklessly!
Casting: Summon Small Mammal (safe; 4% risk of failure)
Confirm with . or Enter, or press ? or * to list all spells.
The orc shouts!
The orc hits you with a +0 dagger. Terence hits you with a +0 flail.
You hit Terence.
Terence is severely wounded.
A jackal comes into view.
The orc hits you with a +0 dagger.
* * * LOW HITPOINT WARNING * * *
Terence hits you but does no damage.
Your bat barely misses Terence.
Your bat hits Terence but does no damage.
The orc hits your bat with a +0 dagger.
Your bat dies!
Your bat's corpse disappears in a puff of smoke!
Your rat bites the orc.
Terence hits you with a +0 flail!
You die...

.##..##########.#...#
.......o..<.........#
.###.##########...#.# ...!#
#..... #..######..#.# ####
#.o[......#.# .#
#...##.....h.....# ###.
.......ro@.####.## ...
..........@.....# ..#
o..........###..####..#
....>......###[....#..###.#
.........∩###.............#
#...##...###.....o.<....#
#### ##### #............#
#......o..>..##
#.......K.......
#.....<.........


You could see Terence, 2 orcs, a jackal and a friendly rat (summoned).

Vanquished Creatures
  An adder (D:2)
  A dart slug (D:2)
  4 orcs
  3 endoplasms
  2 giant cockroaches (D:2)
  5 hobgoblins
  3 jackals (D:2)
  2 kobolds (D:1)
  A quokka (D:3)
  4 bats (D:1)
  2 frilled lizards (D:1)
  2 goblins (D:1)
  3 rats
33 creatures vanquished.

Vanquished Creatures (collateral kills)
  A bat (D:2)
  An endoplasm (D:1)
  2 goblins
  A hobgoblin (D:2)
  A jackal (D:2)
  2 quokkas (D:2)
  6 ball pythons
  4 frilled lizards
  3 kobolds (D:1)
  3 rats
24 creatures vanquished.

Grand Total: 57 creatures vanquished

Notes
Turn   | Place    | Note
-------+----------+-------------------------------------------
     0 | D:1      | BONEBRO the Merfolk Summoner began the quest for the Orb.
     0 | D:1      | Reached XP level 1. HP: 13/13 MP: 3/3
    59 | D:1      | Reached skill level 1 in Polearms
   290 | D:1      | Reached skill level 2 in Polearms
   300 | D:1      | Reached XP level 2. HP: 15/19 MP: 3/5
   533 | D:1      | Reached skill level 3 in Polearms
   618 | D:1      | Reached XP level 3. HP: 18/24 MP: 4/6
   942 | D:2      | Reached skill level 4 in Polearms
  1204 | D:2      | Reached XP level 4. HP: 21/30 MP: 7/7
  1541 | D:3      | Noticed Terence
  1615 | D:3      | Found Idul's Jewellery Shop.
  1648 | D:2      | Reached skill level 5 in Polearms
  1838 | D:3      | Slain by Terence

Illustrated notes

Levels and vault maps discovered:
D:1:      psy_arrival_terrarium, layout_basic
D:2:      layout_rooms, grunt_ministairs_7
D:3:      layout_rooms, dk_yredelemnul_ordeal, nicolae_ru_sacrificial_ziggurat,
          serial_shops, shop, hangedman_decor_points, uniq_terence

Skill      XL: |  1  2  3  4 |
---------------+-------------+-----
Polearms       | 2 3 4 5 |  5.0
Fighting       | |  0.5
Dodging        | |  2.6
Stealth        | |  2.1
Spellcasting   | |  2.0
Summonings     | |  4.0

Action                     |  1- 3 |  4- 6 || total
---------------------------+-------+-------++-------
  Melee: Unarmed           |     5 |       ||     5
         Dagger            |     2 |       ||     2
         Short sword       |    30 |       ||    30
         Punch             |     2 |       ||     2
         Club              |    64 |    10 ||    74
         Morningstar       |       |    24 ||    24
         Spear             |       |    15 ||    15
   Cast: Summon Small Mamm |    31 |    19 ||    50
    Use: Scroll            |     3 |       ||     3
   Stab: Sleeping          |       |     1 ||     1
 Armour: Robe              |    30 |     4 ||    34
  Dodge: Dodged            |   101 |    45 ||   146
